AoeStats
← iAlejandrouae

Lombardia

508384814Analyzed
4v4 RM · 10d ago on Sep 22, 2026· 49m 10s· 8 players
Game mode
Random Map
Map size
Large (8 player)
Population
200
Speed
Normal
Resources
Standard
Victory
Conquest
Starting age
Dark Age
Ending age
Imperial Age
RankedLock teamsTeams togetherTeam positionsShared explorationLock speedFull tech treeHidden civsTurbo modeCheats
Victory
Defeat
🇦🇷 Lithuanians · Argentina
1566
+8
🇨🇳 Magyars · China
1463
+12
🇲🇽 Khmer · Mexico
1434
+13
1319
+18
🇲🇽 Hindustanis · Mexico
1472
-17
🇲🇽 Maya · Mexico
1349
-12
🇺🇸 Georgians · United States
1333
-11
🇲🇽 Huns · Mexico
1329
-11
YuF
6:45 Loom
8:56 Feudal Age
9:41 Double-Bit Axe
10:31 Wheelbarrow
14:05 Forging
15:52 Gold Mining
16:38 Scale Barding Armor
18:29 Bloodlines
21:12 Castle Age
21:49 Stone Mining
22:10 Bow Saw
21:42 Horse Collar
22:19 Hand Cart
22:31 Chain Barding Armor
22:12 Husbandry
23:56 Iron Casting
23:38 Heavy Plow
24:39 Light Cavalry
27:55 Stone Shaft Mining
29:16 Gold Shaft Mining
29:55 Fletching
30:45 Town Watch
30:57 Bodkin Arrow
34:40 Imperial Age
32:38 Ballistics
32:33 Town Patrol
33:57 Masonry
34:42 Elite Ballista Elephant
35:24 Double Crossbow
36:00 Plate Barding Armor
36:27 Chemistry
36:22 Conscription
36:10 Siege Engineers
36:48 Crop Rotation
36:47 Bracer
37:52 Architecture
44:29 Blast Furnace
44:06 Murder Holes
46:25 Tusk Swords
48:14 Hoardings
47:45 Caravan
48:17 Coinage
Element-Dy
6:04 Loom
8:54 Feudal Age
11:00 Double-Bit Axe
13:43 Horse Collar
14:12 Horse Collar
15:23 Wheelbarrow
19:25 Castle Age
18:16 Gold Mining
19:13 Bloodlines
19:35 Fletching
19:46 Padded Archer Armor
20:59 Gold Shaft Mining
22:01 Bow Saw
24:07 Bodkin Arrow
25:47 Thumb Ring
27:09 Husbandry
29:03 Leather Archer Armor
29:47 Hand Cart
30:16 Stone Mining
31:09 Ballistics
32:14 Town Watch
36:58 Imperial Age
38:09 Parthian Tactics
37:47 Bracer
39:58 Chemistry
41:33 Recurve Bow
40:55 Heavy Cavalry Archer
43:35 Siege Engineers
43:40 Masonry
43:10 Treadmill Crane
43:43 Murder Holes
44:10 Conscription
45:53 Elite Magyar Huszar
47:04 Ring Archer Armor
iAlejandrouae
11:05 Feudal Age
11:02 Loom
12:50 Double-Bit Axe
15:13 Castle Age
13:17 Horse Collar
16:11 Bow Saw
16:04 Heavy Plow
22:23 Wheelbarrow
22:14 Heavy Plow
22:18 Stone Mining
24:02 Hand Cart
25:33 Stone Shaft Mining
25:26 Town Watch
25:32 Gold Mining
27:12 Scale Barding Armor
27:18 Forging
30:13 Imperial Age
29:19 Chain Barding Armor
29:35 Iron Casting
30:49 Husbandry
31:00 Bloodlines
31:16 Conscription
31:38 Plate Barding Armor
31:00 Elite Leitis
32:04 Fortified Wall
32:23 Fletching
33:06 Coinage
33:01 Treadmill Crane
33:43 Ballistics
33:19 Bodkin Arrow
34:10 Bracer
35:23 Chemistry
35:13 Masonry
38:55 Caravan
40:00 Architecture
48:56 Two-Man Saw
48:28 Crop Rotation
2ʙ♥ˡᵒᵛᵉᵧₒᵤ
1:11 Loom
10:44 Feudal Age
12:07 Double-Bit Axe
12:04 Horse Collar
17:56 Castle Age
19:43 Bow Saw
19:39 Heavy Plow
20:29 Wheelbarrow
24:39 Stone Mining
26:21 Hand Cart
26:08 Gold Mining
27:57 Gold Shaft Mining
28:30 Ballistas
32:13 Imperial Age
30:58 Pikeman
31:38 Squires
32:21 Ballistics
32:51 Halberdier
32:53 Heavy Scorpion
33:56 Conscription
33:51 Capped Ram
34:48 Siege Ram
37:07 Siege Engineers
38:03 Chemistry
37:31 Scale Mail Armor
37:41 Forging
41:37 Chain Mail Armor
41:57 Iron Casting
44:50 Blast Furnace
alexisjcw
5:07 Loom
10:04 Feudal Age
10:57 Double-Bit Axe
11:38 Horse Collar
12:16 Town Watch
15:52 Forging
16:30 Scale Barding Armor
17:13 Bloodlines
23:24 Castle Age
21:31 Gold Mining
23:05 Stone Mining
24:39 Bow Saw
24:52 Caravan
25:30 Chain Barding Armor
29:05 Wheelbarrow
31:16 Husbandry
32:48 Iron Casting
33:55 Hand Cart
33:41 Town Patrol
34:30 Fletching
37:58 Imperial Age
38:06 Stone Shaft Mining
37:36 Heavy Plow
39:18 Plate Barding Armor
39:44 Blast Furnace
38:39 Bodkin Arrow
39:33 Ballistics
39:38 Conscription
38:48 Elite Monaspa
41:07 Conscription
41:37 Fortified Wall
42:29 Chemistry
41:41 Masonry
42:19 Svan Towers
46:23 Aznauri Cavalry
GEN0S
0:26 Loom
10:08 Feudal Age
11:09 Double-Bit Axe
16:47 Horse Collar
22:24 Castle Age
21:53 Gold Mining
23:09 Crossbowman
23:41 Fletching
24:34 Crossbowman
25:50 Fletching
26:19 Padded Archer Armor
26:29 Thumb Ring
27:12 Ballistics
28:57 Bow Saw
28:57 Heavy Plow
30:03 Wheelbarrow
33:14 Imperial Age
31:53 Bodkin Arrow
32:17 Leather Archer Armor
32:23 Hand Cart
34:56 Chemistry
34:00 Bracer
35:08 Two-Man Saw
34:39 Crop Rotation
34:49 Bracer
35:11 Town Watch
34:49 Arbalester
36:51 Ring Archer Armor
38:12 Chemistry
37:32 Elite Skirmisher
44:51 Caravan
OM | Romeo D. Sins
6:00 Loom
8:34 Feudal Age
18:46 Castle Age
18:30 Double-Bit Axe
18:26 Horse Collar
19:37 Bow Saw
19:28 Heavy Plow
27:03 Wheelbarrow
26:25 Town Watch
31:15 Imperial Age
29:19 Scale Barding Armor
29:24 Forging
29:38 Gold Mining
29:38 Stone Mining
29:50 Town Patrol
30:15 Bloodlines
30:05 Husbandry
31:28 Chain Barding Armor
31:53 Iron Casting
31:34 Heavy Camel Rider
33:00 Gold Shaft Mining
33:00 Stone Shaft Mining
32:42 Hand Cart
33:44 Plate Barding Armor
34:36 Blast Furnace
33:42 Imperial Camel Rider
36:28 Caravan
37:44 Chemistry
37:39 Siege Engineers
38:41 Fortified Wall
38:50 Scale Mail Armor
39:14 Conscription
38:17 Elite Ghulam
39:59 Chain Mail Armor
39:44 Padded Archer Armor
43:05 Fletching
44:26 Conscription
44:35 Bodkin Arrow
45:03 Masonry
45:14 Ballistics
45:20 Bracer
45:36 Leather Archer Armor
King Spartacus
11:19 Feudal Age
15:01 Castle Age
13:22 Horse Collar
14:17 Double-Bit Axe
14:47 Loom
16:05 Bow Saw
22:24 Wheelbarrow
22:36 Ballistics
23:47 Fletching
23:58 Padded Archer Armor
25:04 Bodkin Arrow
25:25 Gold Mining
27:45 Leather Archer Armor
27:44 Thumb Ring
28:03 Bloodlines
27:53 Husbandry
32:31 Imperial Age
30:39 Caravan
30:46 Light Cavalry
32:23 Coinage
33:13 Bracer
34:27 Chemistry
33:25 Heavy Cavalry Archer
34:39 Parthian Tactics
35:30 Two-Man Saw
35:37 Scale Barding Armor
35:43 Forging
36:04 Hand Cart
36:38 Heavy Plow
37:15 Chain Barding Armor
37:31 Iron Casting
36:20 Cavalier
37:36 Scale Mail Armor
39:18 Plate Barding Armor
39:44 Blast Furnace
39:24 Conscription
40:06 Paladin
Connection lost

Rejoining the realm…

Still unreachable

The connection could not be restored.

Session expired

The server has moved on; the page needs a fresh start.